 Dungeon Crawl Stone Soup version 0.30-a0-1163-gf69bf04e7a (webtiles) character file.

Game seed: 17252926784696570866

4337 juan097 the Martial Artist (level 10, -12/80 (83) HPs)
             Began as a Black Draconian Transmuter on Apr 28, 2023.
             Was an Initiate of Ru.
             Killed from afar by an acid dragon (25 damage)
             ... with a splash of acid
             ... on level 8 of the Dungeon.
             The game lasted 00:32:29 (9531 turns).

juan097 the Martial Artist (DrTm)                   Turns: 9531, Time: 00:32:29

HP:   -12/80 (83)   AC:  8    Str: 12    XL:     10   Next: 12%
MP:   22/23         EV: 14    Int: 14    God:    Ru [......]
Gold: 361           SH:  0    Dex: 16    Spells: 10/17 levels left

rFire   . .          .
                       - Unarmed
rCold   . . .        (no shield)
rNeg    . . .        (body armour unavailable)
rPois   .            (helmet restricted)
rElec   +            t - +0 cloak
rCorr   .            (no gloves)
SInv    .            (no boots)
Will    .....        (no amulet)
Stlth   ++           B - ring of magical power
HPRegen 0.33/turn    (no ring)
MPRegen 0.18/turn

%: no passive effects
@: short of breath, wereblooded, lightly drained
A: breathe lightning, AC +7, unfitting armour, low MP 1, electricity resistance,
cold-blooded
a: Breathe Lightning, Renounce Religion


You were on level 8 of the Dungeon.
You worshipped Ru.
Ru was noncommittal.
You visited 1 branch of the dungeon, and saw 8 of its levels.

You collected 361 gold pieces.

Inventory:

Missiles
 b - 4 curare-tipped darts
 j - 4 javelins
 s - 12 boomerangs
 x - 4 poisoned darts
Armour
 t - a +0 cloak (worn)
Magical Staves
 a - a staff of poison
 n - a staff of cold
Jewellery
 y - a ring of fire
 B - a ring of magical power (left hand)
Wands
 q - a wand of digging (6)
Scrolls
 c - 2 scrolls of immolation {unknown}
 g - 4 scrolls of teleportation {unknown}
 h - 4 scrolls of vulnerability {unknown}
 k - 8 scrolls of identify {unknown}
 l - a scroll of amnesia {unknown}
 p - a scroll of summoning {unknown}
 r - a scroll of torment {unknown}
 u - 3 scrolls of poison {unknown}
 w - 2 scrolls of fog {unknown}
 z - a scroll of silence {unknown}
Potions
 d - 3 potions of might {unknown}
 e - 3 potions of attraction {unknown}
 f - a potion of brilliance {unknown}
 i - 2 potions of curing {unknown}
 m - a potion of lignification
 o - a potion of cancellation {unknown}
 v - a potion of flight {unknown}
 A - a potion of degeneration {unknown}
 C - a potion of ambrosia {unknown}


   Skills:
 - Level 6.0 Fighting
 + Level 5.5 Dodging
 - Level 3.0 Stealth
 + Level 9.4 Unarmed Combat
 - Level 4.0 Spellcasting
 - Level 6.0 Transmutations
 - Level 4.0 Poison Magic


You had 10 spell levels left.
You knew the following spells:

 Your Spells              Type           Power      Damage    Failure   Level
a - Beastly Appendage     Tmut           38%        N/A       1%          1
b - Wereblood             Tmut           19%        N/A       2%          2
c - Spider Form           Tmut/Pois      16%        N/A       8%          3
d - Sting                 Tmut/Pois      64%        1d6       2%          1

Your spell library contained the following spells:

 Spells                   Type           Power      Damage    Failure   Level
 Poisonous Vapours        Pois/Air       16%        N/A       13%         2
 Magic Dart               Conj           8%         1d3       19%         1
 Call Imp                 Summ           4%         N/A       28%         2
 Mephitic Cloud           Conj/Pois/Air  6%         N/A       34%         3
 Olgreb's Toxic Radiance  Pois           14%        N/A       36%         4
 Ice Form                 Ice/Tmut       11%        N/A       50%         4


Dungeon Overview and Level Annotations

Branches:
Dungeon (8/15)             Temple (0/1) D:6
   Lair: D:8-11

Altars:
Fedhas
Ru
Vehumet
Wu Jian
The Shining One

Annotations:
D:6 exclusion: cyclops
D:7 2 transporters


Innate Abilities, Weirdness & Mutations

You can breathe wild blasts of lightning.
Your glossy black scales are hard. (AC +7)
You cannot fit into any form of body armour.
Your magical capacity is low. (-10% MP)
You are resistant to electric shocks. (rElec)
You are cold-blooded and may be slowed by cold attacks.


Message History

The wyvern hisses angrily.
Casting: Wereblood (safe; 2% risk of failure)
Confirm with . or Enter, or press ? or * to list all spells.
Your blood is infused with primal strength.
The sting hits the wyvern but does no damage.
The wyvern is poisoned.
The wyvern barely misses you.
You hit the wyvern but do no damage.
The wyvern is lightly wounded.
The wyvern bites you. x2
You hit the wyvern.
The wyvern is moderately wounded.
The wyvern bites you.
You closely miss the wyvern.
The wyvern is moderately wounded.
The wyvern bites you!
You hit the wyvern.
The wyvern is heavily wounded.
The wyvern bites you!
The acid dragon roars!
You hit the wyvern but do no damage.
You tail-slap the wyvern, but do no damage.
The wyvern is heavily wounded.
The wyvern bites you!
You are too injured to fight recklessly!
The wyvern bites you!
* * * LOW HITPOINT WARNING * * *
Activating: Breathe Lightning (3% risk of failure)
Press: ? - help, Dir - look around, f - activate You breathe a wild blast of lightning!
The orb of electricity explodes! x2
The orb of electricity engulfs the wyvern!!!
You feel a bit better.
You kill the wyvern!
The orb of electricity engulfs you! You resist.
* * * LOW HITPOINT WARNING * * *
The bolt of lightning misses you. x2
Training target 4.0 for Poison Magic reached!
Your Poison Magic skill increases to level 4!
The acid dragon spits acid at you. The splash of acid hits you!!
You die...

#..# #..# ######..## ### #..#
### ..[.)<...####.###.
#..###....
..####............##.........
## #.......#...##..<....... #
#.#...#.###......########
...#...#.# ##...........
#.#.#####.# ##......###.
#....<....## ##@####...#
..#####...#.###[.)....#....#
.# #...##.#..#####...####
###.###.#†# ##.## #.# ###.##
#.# #.# #..# #.# #.# #.#.#
#.# #.# #D.## #.# #.# #..# .#


You could see an acid dragon (catching breath).

Vanquished Creatures
  Pikel (D:4)
  Psyche (D:8)
  Sigmund (D:4)
  A wyvern (D:8)
  6 yaks (D:6)
  A steam dragon (D:7)
  Menkaure (D:5)
  Duvessa (D:5)
  A black bear (D:5)
  2 orc warriors
  An ogre (D:7)
  A phantom (D:5)
  3 scorpions
  9 wights
  Dowan (D:5)
  3 killer bees (D:7)
  3 howler monkeys (D:7)
  2 jellies
  2 hounds (D:5)
  2 orc priests
  Crazy Yiuf (D:5)
  2 sleepcaps
  2 iguanas (D:6)
  4 orc wizards
  A mummy (D:6)
  Robin (D:2)
  3 gnolls (D:2)
  9 adders
  An ufetubus (D:6)
  3 worms
  3 dart slugs (D:1)
  23 orcs
  5 ball pythons
  6 endoplasms
  10 giant cockroaches
  11 goblins
  8 hobgoblins
  5 jackals (D:2)
  10 kobolds
  6 quokkas
  4 bats
  4 frilled lizards
  3 hobgoblin zombies (D:6)
  An orc zombie (D:6)
  9 rats
178 creatures vanquished.

Vanquished Creatures (others)
  An orc wizard (D:7)
  A fungus (D:5)
  5 plants (D:3)
7 creatures vanquished.

Grand Total: 185 creatures vanquished

Notes
Turn   | Place    | Note
-------+----------+-------------------------------------------
     0 | D:1      | juan097 the Draconian Transmuter began the quest for the
                  | Orb.
     0 | D:1      | Reached XP level 1. HP: 16/16 MP: 3/3
   105 | D:1      | Reached XP level 2. HP: 16/23 MP: 5/5
   402 | D:1      | Reached XP level 3. HP: 23/29 MP: 6/6
   405 | D:1      | Learned a level 2 spell: Wereblood
   409 | D:1      | Learned a level 3 spell: Spider Form
  1073 | D:2      | Reached XP level 4. HP: 36/36 MP: 3/7
  1263 | D:2      | Reached skill level 4 in Unarmed Combat
  1280 | D:2      | Noticed Robin
  1497 | D:2      | Killed Robin
  1680 | D:2      | Reached XP level 5. HP: 42/42 MP: 4/8
  2754 | D:4      | Identified the +3 long sword "Qotiaj" {pain, rC- Will+
                  | Str+6}
  2824 | D:4      | Noticed an orc warrior
  2951 | D:4      | Noticed a lemure
  2951 | D:4      | Noticed a lemure
  2951 | D:4      | Noticed a lemure
  2952 | D:4      | Noticed Pikel
  3185 | D:4      | Killed Pikel
  3186 | D:4      | Reached skill level 6 in Unarmed Combat
  3186 | D:4      | Reached skill level 1 in Stealth
  3186 | D:4      | Reached skill level 1 in Poison Magic
  3186 | D:4      | Reached XP level 6. HP: 16/52 MP: 3/9
  3186 | D:4      | Your scales start taking on a glossy black colour.
  3186 | D:4      | Reached XP level 7. HP: 18/58 MP: 3/10
  3186 | D:4      | Gained mutation: You are resistant to electric shocks.
                  | (rElec) [Black Draconian growth]
  3548 | D:4      | Found a glowing golden altar of the Shining One.
  3554 | D:4      | Noticed Sigmund
  3731 | D:4      | Killed Sigmund
  4359 | D:5      | Entered Level 5 of the Dungeon
  4414 | D:5      | Reached XP level 8. HP: 52/66 MP: 8/11
  4420 | D:5      | Noticed Dowan
  4421 | D:5      | Noticed Duvessa
  4598 | D:4      | Reached skill level 7 in Unarmed Combat
  4756 | D:5      | Noticed Menkaure
  4765 | D:5      | Found a sacrificial altar of Ru.
  4856 | D:5      | Found a runed translucent door.
  4857 | D:5      | Noticed Crazy Yiuf
  4978 | D:5      | Killed Duvessa
  4979 | D:5      | Reached skill level 8 in Unarmed Combat
  4985 | D:5      | Killed Dowan
  5120 | D:5      | Killed Menkaure
  6034 | D:5      | Killed Crazy Yiuf
  6251 | D:5      | Became a worshipper of Ru the Awakened
  6314 | D:6      | Learned a level 1 spell: Sting
  6415 | D:6      | Found a staircase to the Ecumenical Temple.
  6460 | D:6      | Reached skill level 5 in Fighting
  6460 | D:6      | Reached XP level 9. HP: 32/74 MP: 7/13
  6673 | D:6      | Reached skill level 5 in Transmutations
  7290 | D:6      | Noticed a cyclops
  7834 | D:7      | Noticed a kobold demonologist
  7837 | D:7      | Found a transporter.
  8060 | D:7      | Gained mutation: Your magical capacity is low. (-10% MP)
                  | [Ru sacrifice]
  8229 | D:7      | You fall into a shaft and drop 1 floor!
  8244 | D:8      | Noticed Psyche
  8254 | D:8      | Noticed a two-headed ogre
  8258 | D:8      | Killed Psyche
  8259 | D:8      | Reached skill level 9 in Unarmed Combat
  8291 | D:7      | Found a blossoming altar of Fedhas.
  8504 | D:7      | Reached skill level 5 in Dodging
  8781 | D:7      | Found a transporter.
  8838 | D:7      | Noticed a kobold demonologist
  8963 | D:7      | Noticed an orc high priest
  9243 | D:6      | Reached XP level 10. HP: 65/79 MP: 14/14
  9514 | D:8      | Found a radiant altar of Vehumet.
  9516 | D:8      | Found an ornate altar of the Wu Jian Council.
  9531 | D:8      | Killed from afar by an acid dragon

Illustrated notes

Levels and vault maps discovered:
D:1:      nzn_arrival_water_spiral, layout_basic, minmay_heptomino_w4
D:2:      layout_loops_ring, uniq_robin
D:3:      layout_rooms, serial_bayou, serial_bayou_pond_c, serial_bayou_shore_a,
          serial_bayou_crossing, serial_bayou_pond_e
D:4:      layout_basic, nicolae_tso_carved_into_rock, guppyfry_early_orc_mine,
          uniq_sigmund, uniq_pikel
D:5:      layout_loops_ring, overflow_temple_1_default, gup_sewer_entry_bubbles,
          fountainhead, minmay_checkerbox, uniq_crazy_yiuf_cottage,
          uniq_duvessa, uniq_menkaure
D:6:      layout_basic, minmay_temple_entry_drinking_statues,
          minmay_mini_ossuary
D:7:      gammafunk_wand_slinger, layout_loops_ring, marbit_many_paths,
          hangedman_abyss_or_decor_passed
D:8:      layout_loops_ring, chequers_temple_overflow_statue_of_worship,
          mainiacjoe_overflow_alcove_1, uniq_psyche

Skill      XL: |  1  2  3  4  5  6  7  8  9 10 |
---------------+-------------------------------+-----
Dodging        | 2 3 5 |  5.5
Fighting       | 2 3 4 5 6 |  6.0
Unarmed Combat | 4 6 8 9 |  9.4
Transmutations | 3 4 6 |  6.0
Stealth        | 1 3 |  3.0
Poison Magic   | 1 2 3 4 |  4.0
Spellcasting   | 3 4 |  4.0

Action                     |  1- 3 |  4- 6 |  7- 9 | 10-12 || total
---------------------------+-------+-------+-------+-------++-------
  Melee: Unarmed           |    86 |   123 |   220 |    31 ||   460
         Tailslap          |    16 |    12 |    26 |     6 ||    60
         Punch             |     1 |     4 |     9 |       ||    14
         Kick              |    12 |    16 |    23 |     6 ||    57
         Headbutt          |     9 |    15 |    12 |     2 ||    38
         Staff             |       |       |     9 |       ||     9
   Fire: Sling             |    19 |    26 |    12 |       ||    57
  Throw: Dart              |       |     3 |    14 |       ||    17
   Cast: Beastly Appendage |    10 |    18 |    11 |     4 ||    43
         Wereblood         |     2 |     5 |    12 |     2 ||    21
         Spider Form       |       |     1 |    10 |       ||    11
         Sting             |       |       |    46 |     2 ||    48
 Invoke: Sacrifice Essence |       |       |     1 |       ||     1
Ability: Breathe Lightning |       |       |    17 |     1 ||    18
   Stab: Sleeping          |       |     2 |     2 |       ||     4
         Distracted        |       |       |     1 |       ||     1
 Armour: Skin              |    29 |    35 |    51 |     4 ||   119
  Dodge: Dodged            |    60 |    63 |   180 |    18 ||   321

Table legend: (Time is in decaauts)
 A = Elapsed time spent in this place.
 B = Non-inter-level travel time spent in this place.
 C = Inter-level travel time spent in this place.
 D = Time resting spent in this place.
 E = Time spent auto-exploring this place.
 F = Levels seen in this place.
 G = Mean time per level.
                   A        B        C        D        E       F      G
               +--------+--------+--------+--------+--------+-----+--------+
         Total |   9540 |   9026 |    514 |      6 |   6536 |   8 | 1192.5 |
       Dungeon |   9540 |   9026 |    514 |      6 |   6536 |   8 | 1192.5 |
               +--------+--------+--------+--------+--------+-----+--------+

Top non-repeatable levels by time:
     D:5: 1880 daAuts
     D:4: 1740 daAuts
     D:7: 1540 daAuts
     D:6: 1470 daAuts
     D:2: 1205 daAuts
     D:1: 895 daAuts
     D:3: 708 daAuts
     D:8: 99 daAuts
